 Dungeon Crawl Stone Soup version 0.31-a0-1074-g0b22e4e0f1 (webtiles) character file.

Game seed: 10187601793419104614

418 tbh1313 the Cleaver (level 6, -4/51 HPs)
             Began as a Minotaur Berserker on Dec 1, 2023.
             Was a Believer of Trog.
             Slain by a gnoll
             ... wielding a +0 halberd
             ... led by a gnoll sergeant
              (9 damage)
             ... on level 4 of the Dungeon.
             The game lasted 00:05:08 (2732 turns).

tbh1313 the Cleaver (Minotaur Berserker)            Turns: 2732, Time: 00:05:08

Health: -4/51      AC:  4    Str: 22    XL:     6   Next: 61%
Magic:  5/5        EV: 12    Int:  6    God:    Trog [**....]
Gold:   111        SH:  0    Dex:  9    Spells: 5/5 levels left

rFire   + . .        a - +0 hand axe
rCold   + . .        (no shield)
rNeg    . . .        i - +0 robe {rC+ rF+}
rPois   .            (helmet restricted)
rElec   .            c - +0 cloak
rCorr   .            (no gloves)
SInv    .            j - +0 pair of boots
Will    .....        (no amulet)
Stlth   +            (no ring)
HPRegen 0.28/turn    (no ring)
MPRegen 0.09/turn

%: no passive effects
@: on berserk cooldown, slowed, very slow
A: horns 2, retaliatory headbutt
a: Renounce Religion, Berserk, Trog's Hand


You were on level 4 of the Dungeon.
You worshipped Trog.
Trog was pleased with you.
You visited 1 branch of the dungeon, and saw 4 of its levels.

You collected 111 gold pieces.

Inventory:

Hand Weapons
 a - a +0 hand axe (weapon)
 l - a +1 war axe of freezing
Missiles
 p - 2 throwing nets
Armour
 c - a +0 cloak (worn)
 h - a +0 plate armour
 i - a +0 robe of resistance (worn)
 j - a +0 pair of boots (worn)
Jewellery
 e - a ring of ice
Wands
 m - a wand of flame (15)
Scrolls
 n - a scroll of teleportation
 o - a scroll of fear
Potions
 b - 2 potions of enlightenment
 d - a potion of curing
 f - a potion of mutation
 g - a potion of might {unknown}
 k - a potion of ambrosia


   Skills:
 - Level 3.6 Fighting
 + Level 9.1 Axes
 - Level 2.4 Armour
 - Level 2.1 Dodging


You had 5 spell levels left.
You didn't know any spells.
Your spell library contained the following spells:

 Spells                   Type           Power      Damage    Failure   Level
 Sublimation of Blood     Necr           0%         N/A       58%         2
 Petrify                  Tmut/Erth      0%         N/A       99%         4
 Irradiate                Conj/Tmut      0%         3d11      100%        5


Dungeon Overview and Level Annotations

Branches:
Dungeon (4/15)             Temple (0/1) D:4

Altars:


Innate Abilities, Weirdness & Mutations

You have a pair of horns on your head.
You reflexively headbutt those who attack you in melee.


Message History

You slash the gnoll!
You kill the gnoll!
Trog accepts your kill. The gnoll sergeant blocks your attack.
The gnoll sergeant hits you with a +4 spear of freezing.
* * * LOW HITPOINT WARNING * * *
A gnoll comes into view. It is wielding a +0 club.
You completely miss the gnoll. You barely miss the gnoll sergeant.
The gnoll hits you with a +2 flail of protection!
* * * LOW HITPOINT WARNING * * *
The gnoll sergeant misses you. The gnoll barely misses you.
You slash the gnoll! You headbutt the gnoll.
You kill the gnoll!
Trog accepts your kill.
You hit the gnoll sergeant but do no damage.
You slash the gnoll sergeant!
You kill the gnoll sergeant!
Trog accepts your kill. The gnoll closely misses you.
Your Axes skill increases to level 9!
A goblin and a gnoll come into view.
The goblin is wielding a +2 dagger of venom.
The goblin shouts!
The gnoll shouts!
You hear an angry hiss.
There is an open door, spattered with blood here.
Things that are here:
a +2 flail of protection; a +0 spear You barely miss the gnoll.
The gnoll hits you with a +0 halberd!
* * * LOW HITPOINT WARNING * * *
You hit the gnoll. Your headbutt misses the gnoll.
The gnoll is moderately wounded.
You slash the gnoll!
You kill the gnoll!
Trog accepts your kill.
You are no longer berserk.
You are exhausted.
You feel yourself slow down.
You feel better. The gnoll hits you with a +0 club.
* * * LOW HITPOINT WARNING * * *
The gnoll hits you from afar with a +0 halberd!
You die...

##....# ##.....##
#.....# ##.......##
###.....####.........###
...........'.†.......'.
####....####.........#
##..## ##.......# #.##
##.)...## #.# ##...##
#.# ##@## #.# #g# #g#
.g. ... ..... .....
......#


You could see 2 gnolls and a goblin.

Levels and vault maps discovered:
D:1:      roadster_arrival_rocket_small, layout_basic,
          minmay_misc_feat_diagonals, chequers_serial_rivers_small_3
D:2:      layout_basic, dreamdust_ecumenical_altar_statues,
          kennysheep_generic_room_12, uniq_sigmund, uniq_robin
D:3:      layout_loops_ring
D:4:      layout_loops_corners, minmay_temple_entry_mini_moons

Notes
Turn   | Place    | Note
-------+----------+-------------------------------------------
     0 | D:1      | tbh1313 the Minotaur Berserker began the quest for the Orb.
     0 | D:1      | Reached XP level 1. HP: 19/19 MP: 0/0
   308 | D:1      | Reached skill level 4 in Axes
   346 | D:1      | Reached XP level 2. HP: 25/26 MP: 1/1
   747 | D:2      | Found a faded altar of an unknown god.
   757 | D:2      | Noticed Sigmund
   778 | D:2      | Killed Sigmund
   779 | D:2      | Reached skill level 7 in Axes
   779 | D:2      | Reached XP level 3. HP: 31/31 MP: 2/2
   779 | D:2      | Reached XP level 4. HP: 39/39 MP: 3/3
   779 | D:2      | Reached XP level 5. HP: 45/45 MP: 4/4
   978 | D:2      | Noticed Robin
   990 | D:2      | Killed Robin
  1192 | D:2      | Reached ** piety under Trog
  1715 | D:3      | Reached skill level 8 in Axes
  1719 | D:3      | Reached XP level 6. HP: 51/51 MP: 5/5
  2653 | D:4      | Found a staircase to the Ecumenical Temple.
  2728 | D:4      | Reached skill level 9 in Axes
  2729 | D:4      | HP: 5/76 [gnoll/+0 halberd[a gnoll sergeant] (13)]
  2732 | D:4      | Slain by a gnoll

Table legend: (Time is in decaauts)
 A = Elapsed time spent in this place.
 B = Non-inter-level travel time spent in this place.
 C = Inter-level travel time spent in this place.
 D = Time resting spent in this place.
 E = Time spent auto-exploring this place.
 F = Levels seen in this place.
 G = Mean time per level.
                   A        B        C        D        E       F      G
               +--------+--------+--------+--------+--------+-----+--------+
         Total |   2753 |   2675 |     78 |    345 |   1904 |   4 |  688.2 |
       Dungeon |   2753 |   2675 |     78 |    345 |   1904 |   4 |  688.2 |
               +--------+--------+--------+--------+--------+-----+--------+

Top non-repeatable levels by time:
     D:2: 966 daAuts
     D:3: 741 daAuts
     D:1: 675 daAuts
     D:4: 369 daAuts

Table legend:
 A = Kills in this place as a percentage of kills in the entire game.
 B = Kills by you in this place as a percentage of kills by you in the entire game.
 C = Kills by friends in this place as a percentage of kills by friends in the entire game.
 D = Other kills in this place as a percentage of other kills in the entire game.
 E = Experience gained in this place as a percentage of experience gained in the entire game.
 F = Experience gained in this place divided by the number of levels of this place that you have seen.
                   A       B       C       D       E      F
               +-------+-------+-------+-------+-------+----------------------
         Total | 100.0 | 100.0 |   N/A |   N/A | 100.0 | 149.5
       Dungeon | 100.0 | 100.0 |   N/A |   N/A | 100.0 | 149.5
               +-------+-------+-------+-------+-------+----------------------

Action                     |  1- 3 |  4- 6 || total
---------------------------+-------+-------++-------
  Melee: Hand axe          |    35 |   115 ||   150
         Headbutt          |     1 |    16 ||    17
 Invoke: Berserk           |     1 |     3 ||     4
    Use: Scroll            |     4 |     8 ||    12
         Potion            |       |     1 ||     1
   Stab: Sleeping          |       |     1 ||     1
 Armour: Animal skin       |     7 |       ||     7
         Plate armour      |    11 |       ||    11
         Robe              |       |    59 ||    59
  Dodge: Dodged            |    20 |    54 ||    74

Vanquished Creatures
  Sigmund (D:2)
  A gnoll sergeant (D:4)
  An orc wizard (D:3)
  Robin (D:2)
  6 gnolls (D:4)
  An adder (D:3)
  4 dart slugs
  8 orcs (D:3)
  3 ball pythons
  3 bats (D:2)
  9 endoplasms
  3 giant cockroaches
  13 goblins
  8 hobgoblins
  6 kobolds
  4 quokkas
  A frilled lizard (D:3)
  3 rats
76 creatures vanquished.
